[Event "Titled Tuesday Blitz August 17 2021"]
[White "Idrisov, Ildar F"]
[Black "Siva Mahadevan"]
[WhiteFideId "4151020"]
[BlackFideId "25043153"]
[WhiteElo "2209"]
[BlackElo "2203"]
[Result "1/2-1/2"]
[Round "02"]
[TimeControl "180+1"]
[Date "2021.08.18"]
[WhiteClock "0:00:20"]
[BlackClock "0:00:40"]

1. Nf3 Nf6 2. b3 g6 3. Bb2 Bg7 4. c4 O-O 5. g3 d6 6. d4 e5 7. dxe5 Nfd7 8. Bg2 Nc6 9. O-O dxe5 10. Nc3 e4 11. Ne1 f5 12. Nc2 Nde5 13. Qxd8 Rxd8 14. Rfd1 Be6 15. Kf1 Bxc4 16. Nxe4 fxe4 17. bxc4 Nxc4 18. Bxg7 Kxg7 19. Ke1 Nd6 20. Ne3 Ne5 21. Nd5 c6 22. Nc7 Rac8 23. Ne6+ Kf6 24. Nxd8 Rxd8 25. Rd4 Ke7 26. Rad1 c5 27. Rd5 Ndf7 28. Rxc5 Rxd1+ 29. Kxd1 Kd6 30. Ra5 Nc6 31. Rb5 b6 32. Bxe4 Nce5 33. Rd5+ Ke6 34. Rd4 Nd6 35. Bd5+ Ke7 36. Bg8 h6 37. g4 g5 38. h3 Nd7 39. e3 Nf6 40. Bb3 Nb5 41. Rd3 Ne4 42. f3 Nf2+ 43. Ke2 Nxd3 44. Kxd3 Kf6 45. f4 Nd6 46. Kd4 Nb5+ 47. Kd5 Nc3+ 48. Kc6 b5 49. Kc5 a5 50. Kd4 Ne2+ 51. Kc5 gxf4 52. exf4 a4 53. Bc2 Nxf4 54. Kxb5 a3 55. Ka4 Nxh3 56. Bd1 Nf2 57. Bf3 Nd3 58. Kxa3 Nc1 59. Kb2 Nxa2 60. Kxa2 h5 61. gxh5 Kg7 62. Kb3 Kh8 63. Kc4 Kh7 64. Kd5 Kh8 65. Ke5 Kh7 66. Kf5 Kh8 67. Kg5 Kh7 68. h6 Kh8 69. Kg6 Kg8 70. Bg4 Kh8 71. h7 1/2-1/2


[Site "https://www.chess.com"]

[Event "Titled Tuesday Blitz August 17 2021"]
[White "Iskusnyh, Sergei"]
[Black "Vargas, Gabriela"]
[WhiteFideId "4120027"]
[BlackFideId "3700860"]
[WhiteElo "2492"]
[BlackElo "2116"]
[Result "0-1"]
[Round "02"]
[TimeControl "180+1"]
[Date "2021.08.18"]
[WhiteClock "0:00:01"]
[BlackClock "0:01:17"]

1. d4 d5 2. c4 c6 3. Nf3 e6 4. b3 Nf6 5. e3 Bd6 6. Bd3 O-O 7. Bb2 Nbd7 8. Ne5 a5 9. O-O a4 10. f4 Ne4 11. Nd2 f5 12. Nxe4 fxe4 13. Be2 Nxe5 14. fxe5 Rxf1+ 15. Qxf1 Bb4 16. bxa4 Bd2 17. Qf2 Qg5 18. Bc1 Bxc1 19. Rxc1 Rxa4 20. Rf1 Qe7 21. cxd5 exd5 22. Bd1 Ra3 23. Bb3 Be6 24. h3 h6 25. Qg3 Kh7 26. Kh2 b6 27. Rc1 c5 28. Qf2 c4 29. Bd1 b5 30. Bh5 b4 31. Qg3 Bf7 32. Bg4 Rxa2 33. Bf5+ g6 34. Bc8 Be6 35. Bxe6 Qxe6 36. Rf1 b3 37. Rf6 Qe8 38. e6 Ra7 39. Qf4 Rg7 40. Rf8 Qe7 41. Qb8 g5 42. Rh8+ Kg6 43. Re8 Qf6 0-1


[Site "https://www.chess.com"]

[Event "Titled Tuesday Blitz August 17 2021"]
[White "Itgelt, Khuyagtsogt"]
[Black "Pultinevicius, Paulius"]
[WhiteFideId "4902912"]
[BlackFideId "12809390"]
[WhiteElo "2012"]
[BlackElo "2479"]
[Result "0-1"]
[Round "02"]
[TimeControl "180+1"]
[Date "2021.08.17"]
[WhiteClock "0:00:03"]
[BlackClock "0:01:22"]

1. e4 e5 2. Nf3 Nc6 3. Bc4 Bc5 4. c3 Nf6 5. d3 O-O 6. O-O Re8 7. Nbd2 a6 8. a4 d6 9. Re1 h6 10. h3 Ba7 11. Nf1 Be6 12. Be3 Bxc4 13. dxc4 a5 14. N3d2 Nd7 15. Bxa7 Nxa7 16. Ne3 Nc5 17. Qc2 c6 18. Red1 Qc7 19. Nf3 Rad8 20. Rd2 Nc8 21. Rad1 Nb6 22. b3 g6 23. Ra1 Kg7 24. b4 Ne6 25. g3 Nd7 26. Rad1 Nf6 27. Kg2 Nh7 28. Rd3 Nhg5 29. Nxg5 Nxg5 30. f3 axb4 31. cxb4 Ne6 32. Qd2 Qb6 33. Nc2 Qa6 34. b5 Qxa4 35. bxc6 bxc6 36. Ra3 Qxc4 0-1


[Site "https://www.chess.com"]

[Event "Titled Tuesday Blitz August 17 2021"]
[White "Kadam, Om Manish"]
[Black "Swapnil, S. Dhopade"]
[WhiteFideId "45076294"]
[BlackFideId "5019184"]
[WhiteElo "1729"]
[BlackElo "2402"]
[Result "0-1"]
[Round "02"]
[TimeControl "180+1"]
[Date "2021.08.18"]
[WhiteClock "0:00:22"]
[BlackClock "0:00:22"]

1. e4 c6 2. c4 d5 3. exd5 Nf6 4. Nc3 cxd5 5. cxd5 Nxd5 6. Nf3 Nc6 7. d4 g6 8. Bc4 Nb6 9. Bb3 Bg7 10. Be3 O-O 11. h3 Na5 12. Bc2 Nac4 13. Bc1 Be6 14. O-O Rc8 15. b3 Nd6 16. Bb2 Nd5 17. Nxd5 Bxd5 18. Ne5 Qa5 19. Bd3 Rc7 20. Qe2 Rfc8 21. Rfe1 e6 22. Qe3 Nf5 23. Qf4 Bh6 24. Qg4 Qd2 25. Re2 Qf4 26. Rae1 Qxg4 27. hxg4 Nd6 28. g3 a6 29. Ba3 Bf8 30. Bb2 Rd8 31. g5 h6 32. Ng4 hxg5 33. Nf6+ Kg7 34. Nxd5 exd5 35. Re5 Nf5 36. Bxf5 gxf5 37. Rxf5 f6 38. Re6 Rc6 39. Rfxf6 Rxe6 40. Rxe6 Bd6 41. Bc1 g4 42. Bg5 Rd7 43. Be3 Kf7 44. Rh6 Bf8 45. Rh4 Rc7 46. Rxg4 Rc2 47. Rf4+ Ke8 48. Rf5 Rxa2 49. Re5+ Kf7 50. Rxd5 Ke6 51. Re5+ Kd7 52. Rf5 Bd6 53. Rf7+ Kc6 54. d5+ Kxd5 55. Rxb7 Rc2 56. Rb6 Ra2 57. Kg2 a5 58. Kf3 Bb4 59. Rb5+ Kc6 60. Rf5 Rb2 61. g4 Rxb3 62. g5 a4 63. g6 Bc3 64. Rc5+ Kd6 65. Rc8 Ke6 66. Bh6 a3 67. g7 Bxg7+ 68. Ke2 Bxh6 69. Rc6+ Kd5 70. Rxh6 Kc4 71. Ra6 Kc3 72. f4 Kb2 73. f5 a2 74. f6 a1=Q 75. Rxa1 Kxa1 76. f7 Rb8 77. Ke3 Rf8 78. Ke4 Rxf7 79. Ke5 Rf1 80. Ke6 0-1


[Site "https://www.chess.com"]

[Event "Titled Tuesday Blitz August 17 2021"]
[White "Kezin, Roman"]
[Black "Espinosa Veloz, Ermes"]
[WhiteFideId "24124621"]
[BlackFideId "3507424"]
[WhiteElo "2570"]
[BlackElo "2333"]
[Result "1-0"]
[Round "02"]
[TimeControl "180+1"]
[Date "2021.08.17"]
[WhiteClock "0:00:17"]
[BlackClock "0:00:01"]

1. d4 Nf6 2. c4 g6 3. Nc3 Bg7 4. Nf3 d6 5. Bg5 h6 6. Bh4 g5 7. Bg3 Nh5 8. e3 O-O 9. Qc2 c5 10. d5 Na6 11. Be2 f5 12. Nd2 Nxg3 13. hxg3 Nb4 14. Qb1 e6 15. a3 Na6 16. Bf3 Nc7 17. Qd3 g4 18. Be2 Qe7 19. Kf1 exd5 20. cxd5 a6 21. a4 Rb8 22. a5 b5 23. axb6 Rxb6 24. Nc4 Rb4 25. Ra2 Nb5 26. Bd1 f4 27. gxf4 Bf5 28. e4 Nxc3 29. bxc3 Bxe4 30. Qe2 Rb1 31. Kg1 Re8 32. Nd2 Bxd5 33. Nxb1 Qxe2 34. Rxe2 Rb8 35. Bc2 a5 36. Kh2 Bc4 37. Rd2 d5 38. Rhd1 Rd8 39. Na3 Bxc3 40. Nxc4 Bxd2 41. Rxd2 Kg7 42. Nxa5 Ra8 43. Nb7 c4 44. Rxd5 Ra2 45. Bf5 Rxf2 46. Kg3 Rb2 47. Nc5 c3 48. Nd3 Rd2 49. Rc5 c2 50. Ne5 Kf6 51. Bxc2 Ke7 52. Bf5 h5 53. Bg6 h4+ 54. Kxh4 Rxg2 55. Nxg4 Rg1 56. Kg5 Kf8 57. Rf5+ Ke7 58. Re5+ Kd6 59. Re3 Rf1 60. f5 Kd7 61. f6 1-0


[Site "https://www.chess.com"]

[Event "Titled Tuesday Blitz August 17 2021"]
[White "Khanin, Semen"]
[Black "Priyanka Nutakki"]
[WhiteFideId "4111990"]
[BlackFideId "25049615"]
[WhiteElo "2521"]
[BlackElo "1916"]
[Result "1-0"]
[Round "02"]
[TimeControl "180+1"]
[Date "2021.08.17"]
[WhiteClock "0:01:06"]
[BlackClock "0:00:01"]

1. e4 e6 2. d4 d5 3. e5 c5 4. c3 Qb6 5. Nf3 Bd7 6. Bd3 Bb5 7. dxc5 Bxc5 8. Bxb5+ Qxb5 9. b4 Bb6 10. Na3 Qd7 11. O-O Ne7 12. c4 O-O 13. Bb2 Nbc6 14. c5 Bc7 15. b5 Na5 16. Qd3 Ng6 17. Rfe1 Qe7 18. Rac1 Rac8 19. g3 Rfd8 20. h4 h6 21. Bd4 Nf8 22. Nc2 Nc4 23. Ne3 Ba5 24. Re2 Nxe3 25. Qxe3 Nd7 26. Rec2 Rc7 27. Qb3 Rdc8 28. Qa4 b6 29. cxb6 Rxc2 30. Rxc2 Rxc2 31. bxa7 Rc1+ 32. Kg2 Qd8 33. b6 Nxb6 34. Bxb6 1-0


[Site "https://www.chess.com"]

[Event "Titled Tuesday Blitz August 17 2021"]
[White "Khumalo, Keith"]
[Black "Nogerbek, Kazybek"]
[WhiteFideId "14319470"]
[BlackFideId "13710427"]
[WhiteElo "1992"]
[BlackElo "2436"]
[Result "1-0"]
[Round "02"]
[TimeControl "180+1"]
[Date "2021.08.17"]
[WhiteClock "0:00:39"]
[BlackClock "0:00:02"]

1. d4 Nf6 2. c4 g6 3. Nc3 Bg7 4. e4 d6 5. Bd3 Nc6 6. Nge2 O-O 7. O-O e5 8. d5 Ne7 9. Rb1 a5 10. a3 Nh5 11. b4 axb4 12. axb4 f5 13. exf5 gxf5 14. f4 exf4 15. Rb3 Ng6 16. Nxf4 Nhxf4 17. Bxf4 Nxf4 18. Rxf4 Qg5 19. Ne2 Bd7 20. Bc2 Ra1 21. Rb1 Ra2 22. Rf3 f4 23. h3 Be5 24. Bb3 Ra3 25. Nd4 Rf6 26. Ne6 Qh4 27. Qe1 Qxe1+ 28. Rxe1 c6 29. Nc7 Kg7 30. c5 Bd4+ 31. Kh2 Be3 32. dxc6 bxc6 33. Bc2 dxc5 34. bxc5 Bxc5 35. Rd1 Rxf3 36. Rxd7+ Kf8 37. gxf3 h6 38. Bb3 Bb6 39. Ne6+ Ke8 40. Rb7 Be3 41. Ng7+ Kd8 42. Ne6+ Ke8 43. h4 Rg6 44. h5 Rf6 45. Kh3 c5 46. Ba4# 1-0


[Site "https://www.chess.com"]

[Event "Titled Tuesday Blitz August 17 2021"]
[White "Kislov, Oleg"]
[Black "Pichot, Alan"]
[WhiteFideId "13503774"]
[BlackFideId "110973"]
[WhiteElo "2252"]
[BlackElo "2622"]
[Result "1/2-1/2"]
[Round "02"]
[TimeControl "180+1"]
[Date "2021.08.17"]
[WhiteClock "0:01:16"]
[BlackClock "0:01:20"]

1. e4 e5 2. Nf3 Nc6 3. d4 exd4 4. Nxd4 Nf6 5. Nc3 Bb4 6. Nxc6 bxc6 7. Bd3 d5 8. exd5 O-O 9. O-O cxd5 10. Bg5 c6 11. Qf3 h6 12. Bxf6 Qxf6 13. Qxf6 gxf6 14. Ne2 Rb8 15. Nd4 Bd7 16. Bf5 Bc5 17. Bxd7 Bxd4 18. c3 Be5 19. Bxc6 Rxb2 20. Bxd5 Bxc3 21. Rac1 Ba5 22. Rc4 Rd8 23. Rg4+ Kf8 24. Bb3 Bb6 25. Rf4 Rd6 26. g3 Kg7 27. Kg2 Re2 28. Kf3 Rdd2 29. Kg2 Rd6 30. Rg4+ Kf8 31. Rf4 1/2-1/2


[Site "https://www.chess.com"]

[Event "Titled Tuesday Blitz August 17 2021"]
[White "Korchmar, Vasiliy"]
[Black "Nemeth Junior, Henrique"]
[WhiteFideId "24131750"]
[BlackFideId "2118815"]
[WhiteElo "2370"]
[BlackElo "1976"]
[Result "1-0"]
[Round "02"]
[TimeControl "180+1"]
[Date "2021.08.17"]
[WhiteClock "0:00:14"]
[BlackClock "0:00:12"]

1. e4 c5 2. Nf3 e6 3. d4 cxd4 4. Nxd4 Nc6 5. Nc3 Qc7 6. g3 a6 7. Bg2 Nf6 8. O-O h5 9. h3 Bc5 10. Nb3 Ba7 11. Bf4 e5 12. Bg5 Ne7 13. Kh2 d6 14. f4 Be6 15. fxe5 dxe5 16. Bxf6 gxf6 17. Rxf6 Ng8 18. Rf1 Nh6 19. Nd5 Bxd5 20. exd5 Ng4+ 21. Kh1 O-O-O 22. Qf3 Ne3 23. Qxf7 Nxf1 24. Qe6+ Kb8 25. Rxf1 Rhe8 26. Qh6 e4 27. c4 Qxg3 28. Qd2 Ka8 29. c5 Rxd5 30. Qxd5 Bb8 31. Kg1 Qe3+ 32. Kh1 Qg3 33. Kg1 Qh2+ 34. Kf2 Rf8+ 35. Ke1 Qg3+ 36. Kd1 Rxf1+ 37. Bxf1 Qf3+ 38. Be2 Qh1+ 39. Kc2 Bf4 40. c6 bxc6 41. Qxc6+ Kb8 42. Qb6+ Kc8 43. Bxa6+ Kd7 44. Nc5+ Ke7 45. Qe6+ Kf8 46. Qf6+ Ke8 47. Bb5# 1-0


[Site "https://www.chess.com"]

[Event "Titled Tuesday Blitz August 17 2021"]
[White "Kozin, Yuri"]
[Black "Deepan Chakkravarthy J."]
[WhiteFideId "4129920"]
[BlackFideId "5011132"]
[WhiteElo "2503"]
[BlackElo "2490"]
[Result "1-0"]
[Round "02"]
[TimeControl "180+1"]
[Date "2021.08.17"]
[WhiteClock "0:00:03"]
[BlackClock "0:00:09"]

1. e4 c6 2. d4 d5 3. exd5 cxd5 4. c4 e6 5. Nc3 Nf6 6. Nf3 Be7 7. cxd5 Nxd5 8. Bd3 O-O 9. O-O Nc6 10. Re1 Bf6 11. Be3 Nce7 12. Be4 Bd7 13. Qd3 Nxe3 14. fxe3 g6 15. a3 Rb8 16. Rad1 Bg7 17. Ne5 Qc7 18. Rc1 Rbd8 19. Nd5 Qd6 20. Nc4 Qxd5 21. Bxd5 exd5 22. Ne5 Bxe5 23. dxe5 Bc6 24. b4 a6 25. Qd4 Nf5 26. Qc3 Rfe8 27. Rf1 Re7 28. Rxf5 gxf5 29. Rf1 Re6 30. Rxf5 Rg6 31. Qd4 Rc8 32. h4 Bd7 33. Rf2 Be6 34. h5 Rg4 35. Qb6 Rc1+ 36. Kh2 Rh4+ 37. Kg3 Rxh5 38. Qd8+ Kg7 39. Qf6+ Kg8 40. Rd2 Rc4 41. Qd8+ Kg7 42. Qf6+ Kg8 43. Rd4 h6 44. Qd8+ Kg7 45. Rf4 Rg5+ 46. Kf3 Rg6 47. Rxc4 dxc4 48. Qd4 b5 49. e4 h5 50. g3 Rg5 51. Qd6 Kg6 52. Qxa6 Rxe5 53. Qd6 Kf6 54. Qd4 1-0


[Site "https://www.chess.com"]

[Event "Titled Tuesday Blitz August 17 2021"]
[White "Krishnan, Varun"]
[Black "Ibrahimli, Murad"]
[WhiteFideId "5054508"]
[BlackFideId "13410229"]
[WhiteElo "2575"]
[BlackElo "2109"]
[Result "0-1"]
[Round "02"]
[TimeControl "180+1"]
[Date "2021.08.17"]
[WhiteClock "0:00:03"]
[BlackClock "0:00:19"]

1. e4 c6 2. d4 d5 3. exd5 cxd5 4. c4 Nf6 5. Nc3 e6 6. Nf3 Bb4 7. cxd5 Nxd5 8. Bd2 Nc6 9. Bd3 O-O 10. O-O Nf6 11. Bg5 Be7 12. a3 h6 13. Bh4 Nh5 14. Bxe7 Nxe7 15. Ne5 Nf6 16. Rc1 Bd7 17. Ne4 Ned5 18. Qf3 Qb6 19. Nc5 Bc6 20. Nxc6 bxc6 21. Rc2 Rfd8 22. Rfc1 Rac8 23. g3 Nd7 24. h4 Nxc5 25. dxc5 Qc7 26. b4 a5 27. b5 cxb5 28. Bxb5 Rb8 29. a4 Nb4 30. Re2 Rd4 31. c6 Rbd8 32. Qe3 R8d5 33. Rc4 Rxc4 34. Bxc4 Rd1+ 35. Re1 Rxe1+ 36. Qxe1 Qxc6 37. Bb5 Qc5 38. Qe4 Nd5 39. Bc4 Nf6 40. Qa8+ Kh7 41. Bd3+ g6 42. Qb7 Kg7 43. Bb5 Ng4 44. Qf3 f5 45. Kg2 Qd5 46. Qxd5 exd5 47. Kf3 Kf6 48. Ke2 Ke5 49. f3 Nf6 50. Kd3 f4 51. g4 g5 52. h5 Ng8 53. Bc6 Ne7 54. Bd7 Kd6 55. Be8 Kc5 56. Bf7 Nc6 57. Be8 Ne5+ 58. Ke2 d4 59. Bb5 Kb4 60. Be8 Kc3 61. Bb5 d3+ 62. Kf2 d2 63. Ke2 Kc2 0-1


[Site "https://www.chess.com"]

[Event "Titled Tuesday Blitz August 17 2021"]
[White "Krysa, Leandro"]
[Black "Wilson, Elvin"]
[WhiteFideId "116807"]
[BlackFideId "2014874"]
[WhiteElo "2490"]
[BlackElo "2330"]
[Result "1-0"]
[Round "02"]
[TimeControl "180+1"]
[Date "2021.08.18"]
[WhiteClock "0:00:10"]
[BlackClock "0:00:01"]

1. e4 e6 2. d3 d5 3. Nd2 Nf6 4. Ngf3 Be7 5. g3 O-O 6. Bg2 dxe4 7. dxe4 Nc6 8. O-O e5 9. Nc4 Bd6 10. Qe2 Qe7 11. c3 a5 12. Bg5 Bc5 13. Nh4 h6 14. Bd2 Kh7 15. Nf5 Qe8 16. g4 Ng8 17. g5 g6 18. Nxh6 Nxh6 19. gxh6 b6 20. Kh1 Ba6 21. b3 Qe6 22. f4 exf4 23. Bxf4 Ne5 24. Bxe5 Bxc4 25. Qxc4 Qxe5 26. Rxf7+ Kxh6 27. Rxf8 Bd6 28. Rf4 Qxf4 29. e5 Qxc4 30. bxc4 Rd8 31. exd6 Rxd6 32. Bd5 c6 33. Be4 Rd2 34. Rg1 g5 35. a4 c5 36. Rf1 Re2 37. Bd5 Re3 38. Rf6+ 1-0


[Site "https://www.chess.com"]

[Event "Titled Tuesday Blitz August 17 2021"]
[White "Krzywda, Andrzej"]
[Black "Hansen, Sune Berg"]
[WhiteFideId "1114565"]
[BlackFideId "1400266"]
[WhiteElo "2100"]
[BlackElo "2640"]
[Result "0-1"]
[Round "02"]
[TimeControl "180+1"]
[Date "2021.08.18"]
[WhiteClock "0:00:01"]
[BlackClock "0:00:30"]

1. e4 c5 2. Nc3 e6 3. f4 Nc6 4. Bb5 Nge7 5. Nf3 d5 6. Ne5 a6 7. Bxc6+ Nxc6 8. Nxc6 bxc6 9. d3 Qh4+ 10. g3 Qh3 11. Qf3 Bd6 12. b3 O-O 13. Bb2 f5 14. O-O-O fxe4 15. dxe4 Bxf4+ 16. Kb1 Be5 17. Qe2 Bd4 18. Rhf1 Bd7 19. Na4 Rae8 20. Ba3 e5 21. Nxc5 Bg4 22. Qxa6 Bxd1 23. Rxd1 Qh5 24. Re1 Ra8 25. Qxc6 Rxa3 26. Qxd5+ Qf7 27. Ne6 Re8 28. Qc4 Qxe6 0-1


[Site "https://www.chess.com"]

[Event "Titled Tuesday Blitz August 17 2021"]
[White "Kukhmazov, Arsen"]
[Black "Oliveira, Silvio Eduardo"]
[WhiteFideId "24108260"]
[BlackFideId "2111560"]
[WhiteElo "2453"]
[BlackElo "2302"]
[Result "1-0"]
[Round "02"]
[TimeControl "180+1"]
[Date "2021.08.17"]
[WhiteClock "0:01:18"]
[BlackClock "0:00:55"]

1. b3 e5 2. Bb2 Nc6 3. e3 Nf6 4. Bb5 Qe7 5. Nf3 e4 6. Nd4 Qe5 7. Be2 Qg5 8. O-O d5 9. Nxc6 bxc6 10. f4 exf3 11. Bxf3 Bd6 12. Nc3 h5 13. Ne2 Bxh2+ 14. Kxh2 Ng4+ 15. Kg1 Qh4 16. Bxg4 hxg4 17. Qe1 Qh2+ 18. Kf2 g3+ 19. Nxg3 Bh3 20. Rg1 Rh6 21. Qf1 Rg6 22. Be5 1-0


[Site "https://www.chess.com"]

[Event "Titled Tuesday Blitz August 17 2021"]
[White "Kuzubov, Yuriy"]
[Black "Prraneeth Vuppala"]
[WhiteFideId "14112906"]
[BlackFideId "46622373"]
[WhiteElo "2564"]
[BlackElo "1759"]
[Result "1-0"]
[Round "02"]
[TimeControl "180+1"]
[Date "2021.08.17"]
[WhiteClock "0:00:28"]
[BlackClock "0:00:24"]

1. d4 d5 2. c4 e6 3. Nc3 a6 4. cxd5 exd5 5. Nf3 c6 6. Bg5 Be7 7. Bf4 Bd6 8. Bg3 Ne7 9. e3 Bf5 10. Qb3 Ra7 11. Ne5 O-O 12. Rc1 Bxe5 13. Bxe5 Nd7 14. Bd6 Re8 15. Be2 Nc8 16. Bg3 Qb6 17. Qxb6 Ncxb6 18. b3 a5 19. a4 Raa8 20. Kd2 f6 21. Rhe1 Kf7 22. Bf1 g5 23. f3 Nb8 24. Bc7 N6d7 25. e4 dxe4 26. fxe4 Be6 27. d5 cxd5 28. exd5 Bf5 29. Rxe8 Kxe8 30. Nb5 Bg6 31. Nd6+ Kf8 32. Nxb7 Na6 33. Bd6+ Kf7 34. Nxa5 Be4 35. Bb5 Nac5 36. Bxc5 Nxc5 37. Rxc5 Rxa5 38. Rc7+ Kg6 39. d6 1-0


[Site "https://www.chess.com"]

[Event "Titled Tuesday Blitz August 17 2021"]
[White "Kvon, Andrey"]
[Black "Nastore, Pavel-Alexandru"]
[WhiteFideId "14201356"]
[BlackFideId "1255002"]
[WhiteElo "2458"]
[BlackElo "1763"]
[Result "1-0"]
[Round "02"]
[TimeControl "180+1"]
[Date "2021.08.17"]
[WhiteClock "0:00:52"]
[BlackClock "0:00:03"]

1. e4 c5 2. b3 d5 3. exd5 Qxd5 4. Bb2 Nf6 5. Ne2 Nc6 6. Nbc3 Qd6 7. g3 a6 8. Bg2 Bf5 9. O-O e6 10. d3 Rd8 11. h3 Qc7 12. Qc1 Be7 13. g4 Bg6 14. Ne4 Nxe4 15. dxe4 Nd4 16. Nxd4 cxd4 17. f4 f6 18. f5 Bf7 19. c4 O-O 20. Rf3 e5 21. Bf1 Rc8 22. Qd2 Qd7 23. Rc1 Bc5 24. Bd3 Ba7 25. Kh2 b5 26. g5 bxc4 27. bxc4 Qa4 28. gxf6 Bxc4 29. Qg2 Rxf6 30. Rg3 Rf7 31. f6 g6 32. Rxg6+ hxg6 33. Qxg6+ Kf8 34. Qh6+ Ke8 35. Qh5 Rc7 36. Qxe5+ Kf8 37. Qd6+ Ke8 38. Rg1 Bc5 39. Rg8+ Rf8 40. Rxf8# 1-0


[Site "https://www.chess.com"]

[Event "Titled Tuesday Blitz August 17 2021"]
[White "Ladan, Nicholas"]
[Black "Idani, Pouya"]
[WhiteFideId "30918855"]
[BlackFideId "12510130"]
[WhiteElo "2342"]
[BlackElo "2610"]
[Result "0-1"]
[Round "02"]
[TimeControl "180+1"]
[Date "2021.08.18"]
[WhiteClock "0:00:19"]
[BlackClock "0:00:16"]

1. d4 Nf6 2. Nf3 g6 3. Nbd2 Bg7 4. e4 d6 5. h3 O-O 6. Bd3 c6 7. O-O Nbd7 8. c3 e5 9. a4 Re8 10. a5 Qc7 11. Re1 Rb8 12. b4 b5 13. Qb3 Nf8 14. Bb2 Be6 15. Qa3 Nh5 16. Rac1 a6 17. c4 Nf4 18. Bf1 Qd8 19. d5 cxd5 20. cxd5 Bd7 21. Rc2 f5 22. Rec1 Qf6 23. Rc6 Bxc6 24. Rxc6 Ra8 25. Qa1 h6 26. Nb3 fxe4 27. Nfd2 e3 28. fxe3 Nxd5 29. Ne4 Qh4 30. Nxd6 Nxb4 31. Nxe8 Nxc6 32. Nxg7 Kxg7 33. Nc5 Qe7 34. Ne4 Nd7 35. Ba3 b4 36. Bb2 Nf6 37. Nf2 Nd5 38. e4 Nf6 39. Bc4 Rd8 40. Bxa6 Qc5 41. Kf1 Rd2 42. Be2 Qe3 43. Qe1 Rxb2 44. Nd3 Rd2 45. a6 Rxd3 46. Bxd3 Qxd3+ 47. Qe2 Qxe2+ 48. Kxe2 Nxe4 49. Kd3 Nd6 50. a7 Nxa7 0-1


[Site "https://www.chess.com"]

[Event "Titled Tuesday Blitz August 17 2021"]
[White "Lamard, Guillaume"]
[Black "Shimanov, Aleksandr"]
[WhiteFideId "600261"]
[BlackFideId "4198603"]
[WhiteElo "2387"]
[BlackElo "2596"]
[Result "0-1"]
[Round "02"]
[TimeControl "180+1"]
[Date "2021.08.17"]
[WhiteClock "0:00:02"]
[BlackClock "0:01:07"]

1. Nf3 Nf6 2. c4 c5 3. Nc3 Nc6 4. e3 e6 5. d4 d5 6. cxd5 Nxd5 7. Bc4 Nb6 8. Bd3 Be7 9. O-O O-O 10. Bc2 cxd4 11. exd4 Nb4 12. Bb1 Bd7 13. Ne5 N4d5 14. Re1 Bc6 15. Qd3 g6 16. Bh6 Re8 17. Qh3 Bf6 18. Ne4 Nd7 19. Nd6 Re7 20. Nexf7 Qc7 21. Qg4 Nf8 22. Bxf8 Rxf8 23. Bxg6 hxg6 24. Qxg6+ Bg7 25. Ng5 Nf6 26. Rxe6 Be8 27. Nxe8 Rfxe8 28. Rae1 Rxe6 29. Nxe6 Rxe6 30. Rf1 Qd7 31. d5 Nxd5 32. h3 0-1


[Site "https://www.chess.com"]

[Event "Titled Tuesday Blitz August 17 2021"]
[White "Lauridsen, Jesper Morch"]
[Black "Matinian, Nikita"]
[WhiteFideId "1401890"]
[BlackFideId "24129100"]
[WhiteElo "2338"]
[BlackElo "2410"]
[Result "0-1"]
[Round "02"]
[TimeControl "180+1"]
[Date "2021.08.17"]
[WhiteClock "0:00:43"]
[BlackClock "0:01:39"]

1. e4 e5 2. Nf3 Nc6 3. d4 exd4 4. Nxd4 Bc5 5. Nb3 Bb6 6. Qe2 Nge7 7. Be3 O-O 8. Nc3 f5 9. Bxb6 axb6 10. e5 d5 11. O-O-O Be6 12. Kb1 Ng6 13. f4 Nxf4 14. Qf3 Ng6 15. Nxd5 Ncxe5 16. Qe3 Bxd5 17. c4 Be4+ 18. Kc1 Qf6 19. a3 Ng4 20. Qd4 Qg5+ 21. Rd2 Rfd8 22. Qc3 Nf2 23. Rg1 Nd3+ 24. Bxd3 Rxd3 25. Qb4 Rad8 26. Rd1 Nf4 27. h4 Ne2+ 28. Kc2 Rxd2# 0-1


[Site "https://www.chess.com"]

[Event "Titled Tuesday Blitz August 17 2021"]
[White "Le, Tuan Minh"]
[Black "Gurvich, Vitaly"]
[WhiteFideId "12401153"]
[BlackFideId "24164852"]
[WhiteElo "2450"]
[BlackElo "2252"]
[Result "1-0"]
[Round "02"]
[TimeControl "180+1"]
[Date "2021.08.17"]
[WhiteClock "0:01:46"]
[BlackClock "0:01:40"]

1. d4 Nf6 2. Nf3 e6 3. Bf4 d5 4. e3 c5 5. c3 Nc6 6. Nbd2 Bd6 7. Bg3 Qe7 8. Bd3 e5 9. dxe5 Nxe5 10. Nxe5 Bxe5 11. Qa4+ Bd7 12. Qh4 h6 13. Bxe5 Qxe5 14. Qg3 Qxg3 15. hxg3 Ke7 16. f3 h5 17. Kf2 g6 18. Rhe1 Bc6 19. e4 dxe4 20. Nxe4 Nxe4+ 21. Bxe4 Bxe4 22. Rxe4+ Kf6 23. Rae1 Rhd8 24. Rf4+ Kg7 25. Re7 Rf8 26. Rxb7 Rad8 27. Re4 g5 28. Re5 Kg6 29. a4 Rd1 30. Rxa7 Rfd8 31. Re2 Rc1 32. Rc7 Rdd1 33. Rxc5 f5 34. Ke3 1-0


[Site "https://www.chess.com"]

[Event "Titled Tuesday Blitz August 17 2021"]
[White "Lee, Qing Aun"]
[Black "Molina, Roberto Junio Brito"]
[WhiteFideId "5804167"]
[BlackFideId "2109450"]
[WhiteElo "2023"]
[BlackElo "2402"]
[Result "1-0"]
[Round "02"]
[TimeControl "180+1"]
[Date "2021.08.17"]
[WhiteClock "0:01:31"]
[BlackClock "0:01:09"]

1. e4 c6 2. d4 d5 3. exd5 cxd5 4. c4 Nf6 5. Nc3 e6 6. c5 Be7 7. Nf3 O-O 8. Bf4 Ne4 9. Qc2 f5 10. Ne5 Nd7 11. f3 Nxc3 12. Qxc3 Nxe5 13. Bxe5 Bd7 14. Bd3 Qe8 15. O-O Bb5 16. b4 a6 17. Rfe1 Qc6 18. Qb3 a5 19. Bxb5 Qxb5 20. a4 Qxb4 21. Qxb4 axb4 22. Reb1 Ra7 23. Rxb4 Rfa8 24. Rab1 Bf8 25. Rxb7 Rxb7 26. Rxb7 Rxa4 27. c6 Rc4 28. c7 1-0


[Site "https://www.chess.com"]

[Event "Titled Tuesday Blitz August 17 2021"]
[White "Lopez Gracia, Fernando"]
[Black "Terry, Renato"]
[WhiteFideId "2207184"]
[BlackFideId "3803457"]
[WhiteElo "2350"]
[BlackElo "2581"]
[Result "0-1"]
[Round "02"]
[TimeControl "180+1"]
[Date "2021.08.18"]
[WhiteClock "0:00:25"]
[BlackClock "0:00:31"]

1. c4 e5 2. Nc3 Nc6 3. Nf3 f5 4. d3 d6 5. g3 Nf6 6. Bg2 Be7 7. O-O O-O 8. Rb1 Qe8 9. b4 Nd8 10. e3 Ne6 11. Nd5 Bd8 12. Bb2 c6 13. Nxf6+ Bxf6 14. Nd2 h5 15. b5 h4 16. f4 hxg3 17. hxg3 exf4 18. gxf4 Bd7 19. a4 Nc5 20. Qe2 Nxa4 21. Bxf6 Rxf6 22. Ra1 Nc5 23. d4 Ne6 24. bxc6 bxc6 25. Qd3 a5 26. Rf3 a4 27. Rg3 Rg6 28. Rxg6 Qxg6 29. Kf2 Qf6 30. Ra3 g5 31. fxg5 Nxg5 32. Qc2 f4 33. exf4 Qxf4+ 34. Nf3 Bf5 35. Qd2 Ne4+ 0-1


[Site "https://www.chess.com"]

[Event "Titled Tuesday Blitz August 17 2021"]
[White "Machidon, Cristi"]
[Black "Kovalev, Vladislav"]
[WhiteFideId "13904590"]
[BlackFideId "13504398"]
[WhiteElo "2312"]
[BlackElo "2573"]
[Result "1/2-1/2"]
[Round "02"]
[TimeControl "180+1"]
[Date "2021.08.17"]
[WhiteClock "0:00:05"]
[BlackClock "0:00:10"]

1. d4 Nf6 2. Nf3 g6 3. Bg5 Bg7 4. Nbd2 d6 5. e4 O-O 6. c3 c5 7. dxc5 dxc5 8. Bc4 Nc6 9. O-O Qc7 10. h3 h6 11. Be3 b6 12. Qe2 Nh5 13. Rfe1 Bb7 14. Ba6 Rad8 15. Bxb7 Qxb7 16. a4 Na5 17. Nc4 Nxc4 18. Qxc4 Nf6 19. Bf4 e6 20. a5 Rd7 21. Ne5 Rdd8 22. Qb5 Rc8 23. axb6 axb6 24. Ra6 Nxe4 25. Rxb6 Qd5 26. Qc4 Bxe5 27. Qxd5 exd5 28. Bxe5 Rfe8 29. Bf4 g5 30. Be3 Re6 31. Rb5 Nd6 32. Rb6 Nc4 33. Rxe6 fxe6 34. Bc1 Kf7 35. b3 Na5 36. b4 Nc4 37. bxc5 Rxc5 38. Be3 Nxe3 39. Rxe3 Kf6 40. Kf1 e5 41. Ke2 Ra5 42. Kd3 h5 43. Rf3+ Ke6 44. Kc2 Ra2+ 45. Kb3 Re2 46. Rf8 h4 47. Kb4 Rb2+ 48. Kc5 Rc2 49. Kb4 Kd6 50. Rf5 Rb2+ 51. Ka3 Re2 52. Rxg5 Rxf2 53. Rg4 Kc5 54. Rxh4 Rxg2 55. Kb3 e4 56. Rh8 Rg3 57. Rc8+ Kd6 58. Rh8 d4 59. Rd8+ Ke5 60. Rxd4 e3 61. Kc2 e2 62. Kd2 Re3 63. Ke1 Rxc3 64. Rd2 Rxh3 65. Rxe2+ Kf4 66. Kd2 Rf3 67. Ke1 Re3 68. Rxe3 Kxe3 1/2-1/2


[Site "https://www.chess.com"]